Map: Ulrena

Players

Welmu - Winner!

  • Race: Protoss Protoss
  • League: Grandmaster

Jonic

  • Race: Protoss Protoss
  • League: Master

Event: DreamHack ZOWIE Open Leipzig

VOD

Have the link to the VOD?

Description

Time

  • Played on: Jan. 22, 2016, 8:09 a.m.
  • Length: 9:04

All games in this series

Show
View Real Time Build Order
Export as new Build Order

Welmu Protoss - Winner!

Build Orders: Oracle Opening 

Get SALT Encoding   

  12  0:01  Probe (Chrono Boost)  
  13  0:11  Probe (Chrono Boost)  
  14  0:18  Pylon  
  14  0:22  Probe (Chrono Boost)  
  15  0:36  Probe (Chrono Boost), Gateway  
  16  0:44  Assimilator  
  16  0:46  Probe (Chrono Boost)  
  17  0:51  Assimilator  
  18  0:57  Probe (Chrono Boost)  
  18  1:07  Probe (Chrono Boost)  
  18  1:09  Gateway  
  19  1:18  Probe (Chrono Boost)  
  20  1:23  Cybernetics Core  
  20  1:29  Probe (Chrono Boost)  
  21  1:34  Pylon  
  21  1:39  Probe (Chrono Boost)  
  22  1:50  Probe (Chrono Boost)  
  23  2:01  Mothership Core (Chrono Boost)  
  25  2:02  Warp Gate (Chrono Boost)  
  25  2:03  Stalker  
  27  2:10  Stalker  
  27  2:13  Pylon  
  29  2:20  Probe (Chrono Boost)  
  30  2:33  Stalker  
  32  2:40  Stalker  
  34  3:03  Stargate  
  34  3:15  Nexus  
  34  3:17  Probe  
  35  3:23  Pylon  
  35  3:29  Probe (Chrono Boost)  
  36  3:40  Probe (Chrono Boost)  
  37  3:47  Oracle (Chrono Boost)  
  38  3:51  Probe (Chrono Boost)  
  37  4:03  Probe (Chrono Boost)  
  37  4:05  Sentry  
  37  4:08  Robotics Facility  
  40  4:14  Probe (Chrono Boost)  
  41  4:17  Assimilator  
  41  4:24  Probe (Chrono Boost)  
  41  4:29  Probe (Chrono Boost)  
  43  4:35  Probe (Chrono Boost)  
  43  4:36  Twilight Council  
  44  4:40  Probe (Chrono Boost)  
  44  4:45  Probe (Chrono Boost)  
  44  4:50  Probe (Chrono Boost)  
  45  4:55  Pylon  
  45  4:56  Probe (Chrono Boost), Pylon  
  45  4:57  Observer  
  47  5:00  Zealot  
  47  5:01  Mothership Core (Chrono Boost)  
  47  5:06  Probe (Chrono Boost), Assimilator  
  52  5:09  Sentry, Pylon  
  54  5:17  Probe (Chrono Boost)  
  54  5:20  Probe (Chrono Boost)  
  56  5:27  Probe (Chrono Boost), Blink (Chrono Boost)  
  54  5:28  Probe (Chrono Boost)  
  54  5:34  Stalker  
  57  5:39  Probe x2, Forge  
  59  5:45  Gateway  
  59  5:48  Observer  
  59  5:49  Probe  
  59  5:51  Probe  
  59  5:54  Pylon  
  58  5:58  Stalker  
  58  6:00  Probe  
  58  6:03  Probe  
  62  6:04  Protoss Ground Weapons Level 1 (Chrono Boost)  
  62  6:11  Pylon  
  64  6:21  Sentry, Stalker  
  66  6:28  Gateway  
  66  6:38  Nexus  
  66  6:39  Pylon  
  66  6:46  Probe  
  67  6:47  Probe  
  67  6:49  Sentry, Stalker  
  70  6:56  Stalker  
  70  6:58  Probe  
  70  6:59  Probe  
  70  7:01  Immortal  
  78  7:10  Probe  
  79  7:16  Pylon  
  79  7:17  Pylon  
  79  7:21  Stalker x3  
  82  7:35  Gateway  
  82  7:38  Gateway, Pylon  
  82  7:41  Pylon  
  82  7:44  Sentry  
  84  7:45  Sentry x2  
  88  7:56  Probe x2  
  91  8:02  Stalker  
  91  8:04  Warp Prism  
  94  8:10  Stalker  
  96  8:16  Stalker  
  98  8:21  Stalker  
  98  8:41  Stalker x3  
  98  8:42  Stalker  
  96  8:59  Stalker  
Show
View Real Time Build Order
Export as new Build Order

Jonic Protoss 

Build Orders: Phoenix Opening 

Get SALT Encoding   

  12  0:02  Probe (Chrono Boost)  
  13  0:12  Probe (Chrono Boost)  
  14  0:18  Pylon  
  14  0:23  Probe (Chrono Boost)  
  15  0:36  Probe (Chrono Boost)  
  15  0:37  Gateway  
  16  0:47  Probe (Chrono Boost)  
  16  0:48  Assimilator  
  17  0:57  Probe (Chrono Boost)  
  17  0:58  Assimilator  
  18  1:08  Probe (Chrono Boost), Gateway  
  19  1:18  Probe (Chrono Boost)  
  19  1:25  Cybernetics Core  
  20  1:29  Probe (Chrono Boost)  
  21  1:36  Pylon  
  22  1:40  Probe (Chrono Boost)  
  22  1:50  Probe (Chrono Boost)  
  23  2:01  Stalker x2  
  27  2:05  Warp Gate (Chrono Boost)  
  27  2:11  Mothership Core  
  29  2:23  Pylon  
  29  2:37  Stalker  
  29  2:41  Stalker  
  32  2:53  Stargate  
  32  3:14  Nexus  
  32  3:34  Probe  
  32  3:37  Phoenix (Chrono Boost)  
  34  3:46  Probe  
  31  3:58  Probe  
  31  3:59  Phoenix (Chrono Boost)  
  34  4:07  Stalker  
  34  4:09  Sentry  
  38  4:22  Robotics Facility  
  38  4:27  Probe  
  39  4:39  Probe  
  39  4:49  Probe  
  39  4:51  Probe, Phoenix (Chrono Boost)  
  43  5:00  Probe  
  43  5:03  Probe  
  45  5:09  Pylon  
  45  5:10  Probe  
  45  5:12  Observer (Chrono Boost)  
  47  5:15  Probe  
  47  5:21  Probe  
  48  5:27  Probe  
  50  5:31  Probe  
  50  5:32  Immortal (Chrono Boost)  
  55  5:39  Probe  
  55  5:42  Probe, Pylon  
  57  5:51  Probe  
  57  5:52  Probe  
  59  5:59  Assimilator  
  59  6:03  Probe x2  
  60  6:06  Immortal (Chrono Boost)  
  60  6:10  Assimilator  
  65  6:11  Twilight Council  
  65  6:13  Probe  
  65  6:15  Probe  
  67  6:24  Probe  
  67  6:28  Probe  
  67  6:32  Forge  
  70  6:41  Probe  
  70  6:43  Pylon  
  70  6:45  Blink (Chrono Boost)  
  70  6:53  Pylon  
  74  7:01  Probe, Immortal  
  74  7:02  Probe  
  76  7:09  Protoss Ground Weapons Level 1 (Chrono Boost)  
  76  7:20  Nexus  
  76  7:31  Pylon  
  76  7:34  Zealot x2  
  76  7:35  Pylon  
  80  7:40  Immortal (Chrono Boost)  
  80  7:41  Templar Archives  
  84  7:51  Gateway  
  84  7:54  Gateway  
  84  7:56  Zealot x2  
  88  8:06  Probe x2  
  88  8:08  Pylon  
  90  8:17  Stalker  
  90  8:18  Immortal (Chrono Boost)  
  94  8:21  Sentry  
  90  8:44  Stalker x2  
  92  8:54  Stalker x2  

Tags
 
Add a new tag
Caveats
  • Supply blocks, unpowered buildings, or Contaminate may cause inaccurate times.
  • Supply counts are checked every 10 seconds.